General information
- name: BNet
- type: Ladder team game (AT/RT)
- host: Battle.net
- saver: ILoveToFlip
map: SunrockCove
- players: 6
- length: 36:59
- speed: Fast
- version: 1.24 W3XP
- replay type: Public
» download(298 KB)
Players
team 1 (winner)
ILoveToFlip (
yellow | 77 APM | 2859 actions | 36:59)
4 Archmage
2 Blizzard
2 Brilliance Aura
2 Blood Mage
1 Flame Strike
1 Siphon Mana
2 Mountain King
1 Storm Bolt
1 Bash
» actions
| Assign group hotkey | 29 | |
| Basic commands | 40 | |
| Build / train | 128 | |
| ESC pressed | 1 | |
| Enter build submenu | 93 | |
| Enter hero's abilities submenu | 8 | |
| Give item / drop item | 12 | |
| Right click | 1302 | |
| Select / deselect | 725 | |
| Select group hotkey | 283 | |
| Use ability | 238 | |
2859 total
» units
| Peasant | 23 | |
| Goblin Zeppelin | 4 | |
| Goblin Shredder | 2 | |
| Priest | 2 | |
| Sorceress | 2 | |
| Dragonhawk Rider | 2 | |
35 total
» upgrades
| Masonry | 3 | |
| Lumber Harvesting | 2 | |
| Magic Sentry | 1 | |
| Sorceress Training | 2 | |
| Priest Training | 2 | |
| Backpack | 1 | |
11 total
» buildings
| Altar of Kings | 2 | |
| Farm | 12 | |
| Scout Tower | 84 | |
| Lumber Mill | 3 | |
| Arcane Tower | 18 | |
| Guard Tower | 31 | |
| Town Hall | 2 | |
| Arcane Vault | 3 | |
| Keep | 2 | |
| Arcane Sanctum | 2 | |
| Castle | 2 | |
| Gryphon Aviary | 2 | |
| Blacksmith | 2 | |
| Barracks | 1 | |
166 total
» build order
00:06 Altar of Kings
00:21 Farm
00:23 Scout Tower
00:36 Lumber Mill
00:52 Arcane Tower
01:19 Farm
01:34 Scout Tower
02:01 Farm
02:04 Guard Tower
02:06 Scout Tower
03:03 Scout Tower
03:04 Scout Tower
03:09 Guard Tower
03:33 Arcane Tower
03:34 Guard Tower
04:05 Scout Tower
04:05 Scout Tower
04:11 Scout Tower
04:28 Scout Tower
04:38 Town Hall
04:39 Guard Tower
04:40 Guard Tower
05:05 Scout Tower
05:30 Arcane Tower
05:33 Guard Tower
05:35 Scout Tower
06:14 Arcane Tower
06:25 Arcane Vault
06:27 Guard Tower
06:46 Scout Tower
06:55 Keep
07:01 Scout Tower
07:33 Arcane Tower
07:35 Guard Tower
07:38 Farm
08:11 Scout Tower
08:14 Scout Tower
08:15 Scout Tower
08:44 Guard Tower
09:23 Farm
09:46 Arcane Sanctum
09:51 Guard Tower
10:11 Castle
12:55 Lumber Mill
13:48 Scout Tower
13:49 Scout Tower
13:51 Scout Tower
13:53 Scout Tower
13:55 Scout Tower
14:11 Arcane Vault
14:17 Guard Tower
14:18 Guard Tower
14:19 Guard Tower
14:32 Scout Tower
14:33 Scout Tower
14:46 Guard Tower
14:47 Guard Tower
14:50 Scout Tower
14:56 Scout Tower
15:22 Arcane Tower
15:23 Arcane Tower
15:26 Scout Tower
15:27 Arcane Tower
15:28 Guard Tower
15:52 Scout Tower
15:59 Scout Tower
16:03 Scout Tower
16:14 Arcane Tower
16:30 Guard Tower
16:32 Arcane Tower
16:34 Scout Tower
16:35 Scout Tower
17:03 Guard Tower
17:07 Scout Tower
18:43 Scout Tower
18:46 Scout Tower
18:48 Scout Tower
18:56 Guard Tower
19:00 Scout Tower
19:01 Scout Tower
19:02 Scout Tower
19:38 Farm
19:45 Guard Tower
19:48 Scout Tower
19:49 Scout Tower
19:50 Scout Tower
19:51 Scout Tower
19:54 Scout Tower
19:55 Scout Tower
19:55 Scout Tower
20:06 Lumber Mill
21:25 Guard Tower
21:43 Arcane Tower
22:03 Town Hall
22:08 Farm
22:12 Farm
22:13 Farm
22:23 Scout Tower
22:23 Scout Tower
22:24 Scout Tower
22:25 Scout Tower
22:55 Gryphon Aviary
23:04 Arcane Sanctum
23:12 Arcane Tower
23:14 Guard Tower
23:58 Guard Tower
24:00 Scout Tower
24:01 Scout Tower
25:01 Farm
25:16 Scout Tower
25:26 Arcane Tower
25:27 Guard Tower
25:28 Scout Tower
25:34 Scout Tower
25:41 Farm
25:42 Farm
26:10 Guard Tower
26:12 Scout Tower
26:16 Scout Tower
26:17 Scout Tower
26:17 Scout Tower
26:18 Scout Tower
26:19 Scout Tower
26:21 Scout Tower
26:22 Scout Tower
26:22 Scout Tower
26:25 Arcane Tower
26:27 Guard Tower
27:05 Scout Tower
27:06 Scout Tower
27:07 Scout Tower
27:08 Scout Tower
28:00 Arcane Tower
28:02 Guard Tower
28:07 Scout Tower
28:57 Arcane Vault
28:58 Keep
29:51 Arcane Tower
29:56 Guard Tower
29:59 Scout Tower
30:00 Scout Tower
31:05 Arcane Tower
31:18 Scout Tower
31:18 Scout Tower
31:29 Altar of Kings
31:32 Scout Tower
31:33 Scout Tower
31:34 Scout Tower
31:39 Scout Tower
31:40 Scout Tower
31:40 Scout Tower
32:16 Guard Tower
33:16 Castle
34:10 Arcane Tower
34:12 Guard Tower
34:18 Scout Tower
34:20 Scout Tower
34:27 Blacksmith
34:32 Barracks
34:54 Gryphon Aviary
36:29 Blacksmith
36:38 Scout Tower
36:39 Scout Tower
36:43 Scout Tower
36:48 Guard Tower
» items
| Healing Salve | 1 | |
| Boots of Speed | 3 | |
| Staff of Teleportation | 3 | |
| Scroll of Regeneration | 3 | |
| Circlet of Nobility | 1 | |
| Staff of Sanctuary | 3 | |
| Orb of Lightning | 4 | |
18 total
OlesnTwinsHPV (
orange | 94 APM | 3493 actions | 36:58)
5 Archmage
3 Blizzard
2 Brilliance Aura
4 Naga Sea Witch
2 Frost Arrows
2 Forked Lightning
4 Dark Ranger
2 Silence
2 Life Drain
» actions
| Assign group hotkey | 21 | |
| Basic commands | 54 | |
| Build / train | 152 | |
| ESC pressed | 4 | |
| Enter build submenu | 114 | |
| Enter hero's abilities submenu | 15 | |
| Give item / drop item | 12 | |
| Right click | 1385 | |
| Select / deselect | 410 | |
| Select group hotkey | 1007 | |
| Use ability | 319 | |
3493 total
» units
| Peasant | 28 | |
| Goblin Zeppelin | 6 | |
| Goblin Shredder | 3 | |
| Sorceress | 2 | |
| Priest | 3 | |
42 total
» upgrades
| Masonry | 3 | |
| Lumber Harvesting | 3 | |
| Magic Sentry | 1 | |
| Sorceress Training | 2 | |
| Priest Training | 2 | |
| Armor | 2 | |
| Swords | 2 | |
15 total
» buildings
| Altar of Kings | 2 | |
| Farm | 12 | |
| Lumber Mill | 2 | |
| Scout Tower | 138 | |
| Arcane Tower | 5 | |
| Guard Tower | 38 | |
| Town Hall | 3 | |
| Keep | 6 | |
| Arcane Vault | 2 | |
| Castle | 5 | |
| Arcane Sanctum | 1 | |
| Blacksmith | 1 | |
| Barracks | 1 | |
216 total
» build order
00:13 Altar of Kings
00:22 Farm
00:51 Lumber Mill
01:00 Farm
01:06 Scout Tower
01:36 Scout Tower
01:43 Arcane Tower
01:50 Scout Tower
02:08 Guard Tower
02:19 Scout Tower
02:47 Guard Tower
02:53 Farm
02:59 Scout Tower
03:01 Scout Tower
03:02 Scout Tower
03:06 Guard Tower
03:37 Scout Tower
03:38 Scout Tower
03:59 Guard Tower
04:13 Guard Tower
04:19 Scout Tower
04:29 Scout Tower
05:34 Town Hall
05:44 Guard Tower
06:41 Keep
06:57 Arcane Vault
07:03 Scout Tower
07:12 Arcane Tower
07:12 Arcane Tower
07:40 Scout Tower
07:41 Guard Tower
07:41 Guard Tower
08:15 Guard Tower
08:18 Scout Tower
08:19 Scout Tower
08:20 Scout Tower
08:20 Scout Tower
08:21 Scout Tower
08:23 Scout Tower
08:23 Scout Tower
08:24 Scout Tower
08:56 Scout Tower
08:57 Scout Tower
09:02 Castle
09:03 Castle
09:36 Guard Tower
09:37 Scout Tower
09:38 Scout Tower
09:44 Guard Tower
09:46 Scout Tower
09:47 Scout Tower
09:47 Scout Tower
09:47 Scout Tower
09:50 Scout Tower
09:51 Scout Tower
10:42 Guard Tower
10:44 Scout Tower
10:45 Scout Tower
10:46 Scout Tower
11:17 Guard Tower
11:20 Scout Tower
11:21 Scout Tower
11:32 Arcane Sanctum
11:37 Guard Tower
11:38 Scout Tower
11:40 Scout Tower
11:43 Scout Tower
11:48 Farm
11:50 Farm
11:57 Scout Tower
11:58 Scout Tower
12:00 Scout Tower
12:01 Scout Tower
12:02 Scout Tower
12:03 Scout Tower
12:19 Guard Tower
12:20 Guard Tower
12:22 Scout Tower
12:22 Scout Tower
12:23 Scout Tower
12:24 Scout Tower
12:24 Scout Tower
12:25 Scout Tower
12:28 Guard Tower
12:29 Scout Tower
12:31 Scout Tower
12:31 Scout Tower
13:41 Guard Tower
13:55 Arcane Tower
15:20 Arcane Tower
15:41 Guard Tower
19:00 Scout Tower
19:58 Farm
20:16 Guard Tower
20:19 Lumber Mill
21:56 Town Hall
22:26 Scout Tower
22:33 Scout Tower
22:51 Scout Tower
22:52 Scout Tower
22:53 Scout Tower
22:56 Scout Tower
22:58 Scout Tower
22:59 Scout Tower
23:03 Scout Tower
23:13 Scout Tower
23:15 Scout Tower
23:17 Guard Tower
24:41 Guard Tower
24:47 Scout Tower
24:48 Scout Tower
24:48 Scout Tower
24:50 Scout Tower
24:51 Scout Tower
24:52 Scout Tower
25:07 Guard Tower
25:10 Farm
25:11 Farm
25:12 Farm
25:32 Town Hall
25:37 Guard Tower
25:44 Scout Tower
25:45 Scout Tower
25:45 Scout Tower
25:46 Scout Tower
25:47 Scout Tower
25:48 Scout Tower
25:48 Scout Tower
25:49 Scout Tower
25:50 Scout Tower
25:51 Scout Tower
25:52 Scout Tower
25:53 Scout Tower
25:55 Scout Tower
25:55 Scout Tower
26:18 Farm
26:19 Farm
26:21 Farm
26:25 Guard Tower
26:25 Guard Tower
28:59 Altar of Kings
29:45 Scout Tower
29:46 Scout Tower
29:46 Scout Tower
29:47 Scout Tower
29:47 Scout Tower
30:17 Keep
30:51 Guard Tower
31:02 Blacksmith
31:04 Barracks
31:10 Scout Tower
31:27 Scout Tower
31:35 Arcane Vault
31:39 Keep
31:39 Keep
31:47 Scout Tower
31:48 Scout Tower
31:52 Scout Tower
31:52 Scout Tower
31:53 Scout Tower
31:54 Scout Tower
31:54 Scout Tower
31:58 Scout Tower
32:00 Guard Tower
32:00 Guard Tower
32:22 Guard Tower
32:26 Scout Tower
32:27 Scout Tower
32:29 Scout Tower
32:30 Scout Tower
32:31 Scout Tower
32:32 Scout Tower
32:33 Scout Tower
32:33 Scout Tower
32:36 Scout Tower
32:38 Scout Tower
32:41 Scout Tower
32:41 Scout Tower
32:42 Scout Tower
32:43 Scout Tower
32:44 Scout Tower
32:44 Scout Tower
32:45 Scout Tower
32:47 Scout Tower
32:48 Scout Tower
32:48 Scout Tower
32:49 Scout Tower
32:50 Scout Tower
32:55 Guard Tower
34:27 Castle
34:39 Guard Tower
35:54 Guard Tower
35:54 Guard Tower
36:01 Guard Tower
36:01 Guard Tower
36:07 Scout Tower
36:08 Scout Tower
36:09 Scout Tower
36:10 Scout Tower
36:14 Scout Tower
36:14 Scout Tower
36:15 Scout Tower
36:17 Scout Tower
36:18 Scout Tower
36:18 Scout Tower
36:19 Scout Tower
36:20 Scout Tower
36:21 Scout Tower
36:22 Scout Tower
36:23 Scout Tower
» items
| Healing Salve | 1 | |
| Lesser Clarity Potion | 1 | |
| Scroll of Speed | 1 | |
| Boots of Speed | 3 | |
| Staff of Teleportation | 3 | |
| Circlet of Nobility | 3 | |
| Staff of Sanctuary | 3 | |
| Orb of Lightning | 5 | |
20 total
SPOOON (
teal | 97 APM | 3578 actions | 36:58)
5 Blademaster
3 Critical Strike
2 Wind Walk
4 Shadow Hunter
2 Healing Wave
2 Hex
2 Dark Ranger
1 Silence
1 Life Drain
» actions
| Assign group hotkey | 15 | |
| Basic commands | 36 | |
| Build / train | 85 | |
| ESC pressed | 1 | |
| Enter build submenu | 60 | |
| Enter hero's abilities submenu | 11 | |
| Give item / drop item | 7 | |
| Right click | 1693 | |
| Select / deselect | 708 | |
| Select group hotkey | 804 | |
| Use ability | 154 | |
3578 total
» units
| Peon | 17 | |
| Goblin Zeppelin | 2 | |
| Troll Batrider | 12 | |
| Goblin Shredder | 1 | |
| Shaman | 2 | |
34 total
» upgrades
| Liquid Fire | 1 | |
| Ranged Weapons | 3 | |
| Reinforced Defenses | 1 | |
| Shaman Training | 2 | |
| Witch Doctor Training | 2 | |
| Armor | 1 | |
10 total
» buildings
| Altar of Storms | 2 | |
| Orc Burrow | 3 | |
| War Mill | 2 | |
| Voodoo Lounge | 3 | |
| Watch Tower | 44 | |
| Great Hall | 1 | |
| Stronghold | 1 | |
| Beastiary | 5 | |
| Fortress | 1 | |
| Spirit Lodge | 1 | |
63 total
» build order
00:04 Altar of Storms
00:19 Orc Burrow
00:33 War Mill
01:48 Voodoo Lounge
02:03 Watch Tower
02:52 Great Hall
03:09 Watch Tower
03:28 Stronghold
03:51 Watch Tower
04:58 Watch Tower
05:28 Watch Tower
05:48 Watch Tower
06:05 Watch Tower
06:44 Watch Tower
07:17 Beastiary
07:20 Watch Tower
07:24 Watch Tower
07:44 Fortress
07:51 Watch Tower
08:26 Watch Tower
08:41 Orc Burrow
09:03 Watch Tower
09:22 Orc Burrow
11:00 Watch Tower
11:10 Watch Tower
11:12 Watch Tower
11:50 Watch Tower
11:51 Watch Tower
12:15 Watch Tower
13:10 Watch Tower
13:30 Watch Tower
13:39 Beastiary
13:52 Watch Tower
14:00 Voodoo Lounge
14:48 Watch Tower
14:50 Watch Tower
14:50 Watch Tower
14:51 Watch Tower
15:02 Watch Tower
15:03 Watch Tower
15:04 Watch Tower
15:24 Watch Tower
15:37 Watch Tower
15:58 Spirit Lodge
16:04 Watch Tower
16:41 Watch Tower
16:49 Watch Tower
16:50 Watch Tower
17:02 Watch Tower
17:58 Voodoo Lounge
18:38 Watch Tower
18:39 Watch Tower
18:39 Watch Tower
19:03 Watch Tower
19:07 Watch Tower
19:10 Watch Tower
19:12 Watch Tower
19:15 Watch Tower
32:35 Altar of Storms
33:10 Beastiary
33:16 Beastiary
33:52 War Mill
36:28 Beastiary
» items
| Healing Salve | 3 | |
| Boots of Speed | 3 | |
| Staff of Teleportation | 3 | |
| Circlet of Nobility | 2 | |
| Lesser Clarity Potion | 3 | |
| Periapt of Vitality | 2 | |
| Orb of Lightning | 4 | |
| Potion of Mana | 1 | |
21 total
team 2 (loser)

»
abcDUY (
green | 85 APM | 3118 actions | 36:53)
6 Shadow Hunter
2 Hex
3 Healing Wave
1 Big Bad Voodoo
» actions
| Assign group hotkey | 25 | |
| Basic commands | 114 | |
| Build / train | 85 | |
| Enter build submenu | 21 | |
| Enter hero's abilities submenu | 6 | |
| Give item / drop item | 1 | |
| Remove unit from queue | 3 | |
| Right click | 1086 | |
| Select / deselect | 401 | |
| Select group hotkey | 1275 | |
| Use ability | 101 | |
3118 total
» units
| Peon | 25 | |
| Troll Headhunter/Berserker | 7 | |
| Wind Rider | 16 | |
| Troll Witch Doctor | 4 | |
| Troll Batrider | 9 | |
61 total
» upgrades
| Ranged Weapons | 3 | |
| Armor | 2 | |
| Witch Doctor Training | 2 | |
| Berserker Upgrade | 1 | |
| Envenomed Spears | 1 | |
| Liquid Fire | 1 | |
| Troll Regeneration | 1 | |
11 total
» buildings
| Altar of Storms | 1 | |
| Orc Burrow | 6 | |
| Barracks | 1 | |
| Voodoo Lounge | 1 | |
| War Mill | 1 | |
| Stronghold | 1 | |
| Spirit Lodge | 2 | |
| Beastiary | 2 | |
| Fortress | 1 | |
| Great Hall | 2 | |
| Watch Tower | 2 | |
20 total
» build order
00:17 Altar of Storms
00:20 Orc Burrow
00:40 Barracks
01:45 Voodoo Lounge
01:55 War Mill
02:20 Orc Burrow
04:09 Orc Burrow
04:19 Stronghold
06:41 Spirit Lodge
06:44 Beastiary
07:18 Fortress
07:34 Spirit Lodge
07:40 Orc Burrow
08:44 Great Hall
09:43 Great Hall
10:08 Orc Burrow
16:19 Orc Burrow
17:08 Watch Tower
17:26 Watch Tower
26:23 Beastiary
» items

»
iBAIT (
red | 147 APM | 5438 actions | 36:57)
6 Archmage
2 Summon Water Elemental
3 Brilliance Aura
1 Mass Teleport
» actions
| Assign group hotkey | 60 | |
| Basic commands | 193 | |
| Build / train | 118 | |
| ESC pressed | 12 | |
| Enter build submenu | 43 | |
| Enter hero's abilities submenu | 6 | |
| Right click | 2497 | |
| Select / deselect | 1059 | |
| Select group hotkey | 1326 | |
| Use ability | 124 | |
5438 total
» units
| Peasant | 25 | |
| Footman | 4 | |
| Rifleman | 18 | |
| Goblin Shredder | 1 | |
| Mortar Team | 10 | |
| Siege Engine | 10 | |
| Gryphon Rider | 1 | |
| Dragonhawk Rider | 14 | |
83 total
» upgrades
| Gunpowder | 3 | |
| Long Rifles | 1 | |
| Armor | 3 | |
| Plating | 3 | |
| Swords | 2 | |
| Storm Hammers | 1 | |
| Cloud | 1 | |
14 total
» buildings
| Farm | 11 | |
| Altar of Kings | 1 | |
| Barracks | 3 | |
| Blacksmith | 1 | |
| Arcane Vault | 1 | |
| Scout Tower | 10 | |
| Keep | 1 | |
| Arcane Tower | 1 | |
| Lumber Mill | 1 | |
| Town Hall | 2 | |
| Guard Tower | 7 | |
| Workshop | 2 | |
| Castle | 2 | |
| Gryphon Aviary | 3 | |
46 total
» build order
00:04 Farm
00:09 Altar of Kings
00:32 Barracks
01:04 Farm
01:42 Blacksmith
01:56 Farm
04:12 Arcane Vault
04:54 Farm
05:58 Scout Tower
07:28 Keep
07:33 Arcane Tower
07:35 Scout Tower
08:02 Lumber Mill
08:54 Farm
09:10 Town Hall
09:17 Guard Tower
09:17 Guard Tower
09:17 Guard Tower
09:48 Farm
10:07 Workshop
11:26 Scout Tower
11:28 Scout Tower
11:35 Barracks
11:37 Barracks
11:55 Guard Tower
11:57 Guard Tower
12:46 Farm
14:03 Farm
14:48 Farm
15:32 Farm
15:59 Scout Tower
16:18 Scout Tower
16:39 Scout Tower
16:41 Scout Tower
17:03 Castle
17:28 Scout Tower
17:29 Guard Tower
17:31 Scout Tower
17:58 Guard Tower
20:06 Workshop
23:53 Farm
29:54 Gryphon Aviary
29:57 Gryphon Aviary
30:41 Town Hall
32:33 Gryphon Aviary
» items

»
tanable (
pink | 55 APM | 2036 actions | 36:48)
4 Tauren Chieftain
2 War Stomp
2 Endurance Aura
3 Shadow Hunter
2 Healing Wave
1 Hex
» actions
| Assign group hotkey | 42 | |
| Basic commands | 88 | |
| Build / train | 70 | |
| ESC pressed | 2 | |
| Enter build submenu | 54 | |
| Enter hero's abilities submenu | 7 | |
| Give item / drop item | 3 | |
| Remove unit from queue | 1 | |
| Right click | 712 | |
| Select / deselect | 523 | |
| Select group hotkey | 436 | |
| Use ability | 98 | |
2036 total
» units
| Peon | 20 | |
| Grunt | 5 | |
| Tauren | 7 | |
| Goblin Shredder | 1 | |
| Shaman | 5 | |
| Demolisher | 3 | |
| Wind Rider | 8 | |
49 total
» upgrades
| Melee Weapons | 3 | |
| Shaman Training | 2 | |
| Pulverize | 1 | |
6 total
» buildings
| Altar of Storms | 1 | |
| Orc Burrow | 8 | |
| Barracks | 5 | |
| Voodoo Lounge | 1 | |
| Stronghold | 1 | |
| War Mill | 2 | |
| Great Hall | 1 | |
| Fortress | 1 | |
| Spirit Lodge | 1 | |
| Watch Tower | 21 | |
| Tauren Totem | 2 | |
| Beastiary | 2 | |
46 total
» build order
00:07 Altar of Storms
00:10 Orc Burrow
01:07 Barracks
01:10 Barracks
01:12 Barracks
01:25 Orc Burrow
01:45 Voodoo Lounge
03:18 Stronghold
04:11 Orc Burrow
04:43 War Mill
05:11 Great Hall
06:10 Fortress
06:37 Spirit Lodge
07:59 Watch Tower
08:35 Tauren Totem
08:38 Tauren Totem
09:21 Watch Tower
09:26 Orc Burrow
10:42 Watch Tower
10:46 Orc Burrow
10:53 Orc Burrow
14:33 Orc Burrow
17:33 Watch Tower
17:35 Watch Tower
17:59 Beastiary
18:01 Beastiary
18:34 Watch Tower
18:37 Watch Tower
18:40 Watch Tower
19:18 Barracks
19:22 Barracks
19:46 Watch Tower
19:50 Watch Tower
19:53 Watch Tower
20:11 Orc Burrow
20:16 War Mill
20:55 Watch Tower
20:58 Watch Tower
21:00 Watch Tower
21:04 Watch Tower
22:00 Watch Tower
22:03 Watch Tower
22:10 Watch Tower
23:21 Watch Tower
23:22 Watch Tower
23:24 Watch Tower
» items
| Healing Salve | 1 | |
| Scroll of Speed | 1 | |
| Scroll of Town Portal | 1 | |
3 total
Chat log
(26:43 / All) OlesnTwinsHPV: are you guys aware
(26:52 / All) OlesnTwinsHPV: of how terrible u are
(27:10 / All) tanable: then can u leave
(27:16 / All) iBAIT: yeah
(27:17 / All) iBAIT: too good
(31:55 / All) OlesnTwinsHPV: gl hf
(32:10 / All) OlesnTwinsHPV: did u scan the bottom 2 islands yet
(35:52 / All) OlesnTwinsHPV: gj.
(36:02 / All) ILoveToFlip: thats 1/10th of 1 island
(36:04 / All) ILoveToFlip: we have all 3
(36:14 / All) ILoveToFlip: oh and we've rebuilt what you killed by now
(36:51 / All) OlesnTwinsHPV: bye